 Dungeon Crawl Stone Soup version 0.30-a0-986-g7f2e898f52 (webtiles) character file.

Game seed: 333759718405571989

1757 Conn the Magician (level 9, -2/54 HPs)
             Began as an Octopode Fire Elementalist on Apr 2, 2023.
             Was a Follower of Sif Muna.
             Killed from afar by an orc wizard (4 damage)
             ... with a magic dart
             ... on level 7 of the Dungeon.
             The game lasted 00:18:30 (6650 turns).

Conn the Magician (Octopode Fire Elementalist)      Turns: 6650, Time: 00:18:30

Health: -2/54      AC:  1    Str:  7    XL:     9   Next: 6%
Magic:  0/18       EV: 13    Int: 21    God:    Sif Muna [*.....]
Gold:   425        SH:  0    Dex: 13    Spells: 4/20 levels left

rFire   . . .      SeeInvis .    b - staff of conjuration
rCold   . . .      Faith    .    (no shield)
rNeg    . . .      Spirit   +    (helmet restricted)
rPois   .          Reflect  .    s - amulet of guardian spirit
rElec   .          Rampage  .    q - ring of flight
rCorr   .                        (no ring)
Will    .....                    (no ring)
Stlth   +++                      (no ring)
HPRegen 0.29/turn                (no ring)
MPRegen 0.16/turn                (no ring)
                                 (no ring)
                                 (no ring)

@: flying
A: almost no armour, amphibious, 8 rings, camouflage 1, gelatinous body 1,
(nimble swimmer 1), tentacles
a: Renounce Religion, Channel Magic


You were on level 7 of the Dungeon.
You worshipped Sif Muna.
Sif Muna was aware of your devotion.
You visited 2 branches of the dungeon, and saw 8 of its levels.

You collected 509 gold pieces.
You spent 84 gold pieces at shops.

Inventory:

Hand Weapons
 a - the +6 hammer of False Accusations {flame, rC- rN+++ Will+ Stlth-}
   (You found it on level 5 of the Dungeon)

   rC:        It makes you vulnerable to cold.
   rN:        It renders you almost immune to negative energy.
   Will:      It increases your willpower.
   Stlth:     It makes you less stealthy.
 f - a +0 dagger
 A - a +0 heavy short sword
 B - a +0 longbow
Missiles
 x - 2 curare-tipped darts (quivered)
Magical Staves
 b - a staff of conjuration (weapon)
Jewellery
 e - a ring of ice
 g - a ring of ice
 q - a ring of flight (left tentacle)
 s - an amulet of guardian spirit (around mantle)
Wands
 d - a wand of iceblast (15)
 l - a wand of charming (14)
Scrolls
 c - a scroll of torment
 h - a scroll of brand weapon
 i - a scroll of magic mapping
 m - a scroll of silence
 n - a scroll of fear {unknown}
 o - a scroll of teleportation {unknown}
 p - a scroll of summoning
 r - a scroll of vulnerability
 u - 2 scrolls of blinking {unknown}
 y - a scroll of amnesia {unknown}
 C - a scroll of noise {unknown}
 D - a scroll of immolation {unknown}
 G - 2 scrolls of enchant armour {unknown}
Potions
 j - 2 potions of heal wounds
 k - a potion of magic
 t - 2 potions of curing
 v - a potion of attraction {unknown}
 w - a potion of flight {unknown}
 z - a potion of invisibility
 E - a potion of brilliance {unknown}
 F - a potion of cancellation {unknown}


   Skills:
 + Level 2.1 Fighting
 + Level 1.3 Short Blades
 + Level 0.2(0.3) Maces & Flails
 + Level 0.2(0.3) Staves
 + Level 0.1 Throwing
 + Level 3.0 Dodging
 + Level 3.8 Stealth
 * Level 6.1 Spellcasting
 * Level 5.1 Conjurations
 + Level 0.8 Hexes
 + Level 5.4 Fire Magic
 * Level 1.4 Ice Magic
 * Level 4.1 Invocations


You had 4 spell levels left.
You knew the following spells:

 Your Spells              Type           Power      Damage    Failure   Level
a - Foxfire               Conj/Fire      100%       2x1d6     1%          1
b - Stone Arrow           Conj/Erth      50%        3d10      10%         3
c - Inner Flame           Hex/Fire       19%        N/A       9%          3
d - Flame Wave            Conj/Fire      42%        2d11      11%         4
e - Scorch                Fire           58%        2d7       1%          2
f - Ozocubu's Armour      Ice            12%        N/A       16%         3

Your spell library contained the following spells:

 Spells                   Type           Power      Damage    Failure   Level
 Lesser Beckoning         Tloc           12%        N/A       14%         2
 Kindle Blastsparks       Fire/Tloc/Air  28%        2d12      14%         3
 Gell's Gravitas          Tloc           6%         N/A       28%         3
 Teleport Other           Tloc           6%         N/A       28%         3
 Dispersal                Tloc           3%         N/A       100%        6
 Ozocubu's Refrigeration  Ice            6%         4d8       100%        7
 Lehudib's Crystal Spear  Conj/Erth      12%        10d4      100%        8
 Animate Armour           Summ/Erth      Unusable   N/A       N/A         4

Dungeon Overview and Level Annotations

Branches:
Dungeon (7/15)             Temple (1/1) D:4

Altars:
Elyvilon
Fedhas
Gozag
Hepliaklqana
Kikubaaqudgha
Okawaru
Sif Muna
Uskayaw
Vehumet
Yredelemnul
Zin
The Shining One

Shops:
D:6 *

Annotations:
D:3 1 runed translucent door, CryoSword's ghost, amateur DgAE


Innate Abilities, Weirdness & Mutations

You cannot wear most types of armour.
You are amphibious.
You can wear up to eight rings at the same time.
Your skin changes colour to match your surroundings (Stealth+).
Your rubbery body absorbs attacks. (AC +1, EV +1)
((You are camouflaged when in or above water. (Stealth+)))
You have tentacles for arms and can constrict up to eight enemies at once.


Message History

The orc warrior's fire resistance burns away.
You hear a shout!
The foxfire hits the orc warrior!
The orc warrior is burned terribly!
The orc warrior is severely wounded.
The foxfire hits the orc warrior but does no damage.
The orc warrior is severely wounded.
Casting: Scorch (safe; 1% risk of failure)
Confirm with . or Enter, or press ? or * to list all spells.
Flames lash the orc warrior but do no damage.
The orc wizard gestures wildly while chanting.
The orc wizard flickers and vanishes!
Deactivating autopickup; reactivate with Ctrl-A.
An orc comes into view. It is wielding a +0 club.
The orc warrior hits you with a +0 mace!
Casting: Scorch (safe; 1% risk of failure)
Confirm with . or Enter, or press ? or * to list all spells.
You don't have enough magic to cast this spell.
Unknown command.
Casting: Scorch (safe; 1% risk of failure)
Confirm with . or Enter, or press ? or * to list all spells.
You feel a surge of power!
You conjure some foxfire!
A puff of flame appears from out of thin air!
The puff of flame hits you!
The orc warrior hits you with a +0 mace!
Unknown command.
You closely miss the orc warrior. Your grab misses the orc warrior.
The orc warrior is severely wounded.
The foxfire hits the orc warrior.
The orc warrior is burned terribly!
The orc warrior is almost dead.
The foxfire hits the orc warrior but does no damage.
The orc warrior is almost dead.
A magic dart appears from out of thin air!
The magic dart hits you!
* * * LOW HITPOINT WARNING * * *
The orc warrior hits you with a +0 mace!
* * * LOW HITPOINT WARNING * * *
The orc warrior misses you.
A magic dart appears from out of thin air!
The magic dart hits you.
You die...

......# #######
......##########.....#
......#.......##.....#
......#..............#
.<....#..............#
......#........§§....+
......#.......##@....#
......#.......##.o...#
......#.......§.........
......#.................
......#...........o.....
......#.................
......#.........{.......
†.....#.................
......#'########..


You could see an orc warrior (combustible) and an orc.

Vanquished Creatures
  Maggie (D:6)
  A black bear (D:5)
  2 sky beasts (D:6)
  3 ogres
  A scorpion (D:7)
  3 killer bees (D:7)
  2 howler monkeys
  2 jellies (D:6)
  An orc priest (D:6)
  4 hounds
  Crazy Yiuf (D:5)
  A gnoll bouda (D:6)
  2 sleepcaps
  Ijyb (D:5)
  2 iguanas
  3 orc wizards (D:6)
  3 gnolls (D:6)
  9 adders
  A shadow imp (D:6)
  An ufetubus (D:6)
  2 worms
  2 dart slugs
  10 orcs
  6 endoplasms
  3 giant cockroaches
  6 goblins
  11 hobgoblins
  2 jackals (D:4)
  2 quokkas
  3 ball pythons
  A bat (D:1)
  A frilled lizard (D:1)
  11 kobolds
  5 rats
109 creatures vanquished.

Vanquished Creatures (collateral kills)
  2 foxfires (D:1)
2 creatures vanquished.

Vanquished Creatures (others)
  361 foxfires
  A plant (D:1)
362 creatures vanquished.

Grand Total: 473 creatures vanquished

Notes
Turn   | Place    | Note
-------+----------+-------------------------------------------
     0 | D:1      | Conn the Octopode Fire Elementalist began the quest for the
                  | Orb.
     0 | D:1      | Reached XP level 1. HP: 11/11 MP: 3/3
   405 | D:1      | Reached XP level 2. HP: 17/17 MP: 3/5
   454 | D:1      | Learned a level 2 spell: Scorch
   906 | D:2      | Reached XP level 3. HP: 21/21 MP: 1/6
   988 | D:2      | Learned a level 3 spell: Inner Flame
  1436 | D:2      | Reached XP level 4. HP: 24/27 MP: 7/7
  2343 | D:3      | Found a runed translucent door.
  2346 | D:3      | Noticed CryoSword's ghost (amateur DgAE)
  2929 | D:4      | Found a staircase to the Ecumenical Temple.
  2938 | Temple   | Entered the Ecumenical Temple
  2955 | Temple   | Became a worshipper of Sif Muna the Loreminder
  3013 | D:4      | Reached XP level 5. HP: 12/31 MP: 0/8
  3490 | D:4      | Reached skill level 3 in Spellcasting
  3611 | D:5      | Entered Level 5 of the Dungeon
  3657 | D:5      | Learned a level 4 spell: Flame Wave
  3685 | D:5      | Noticed a black bear
  3691 | D:5      | Killed a black bear
  3692 | D:5      | Reached XP level 6. HP: 36/36 MP: 0/11
  3782 | D:5      | Reached skill level 1 in Short Blades
  3882 | D:5      | Reached skill level 1 in Fighting
  3965 | D:5      | Reached XP level 7. HP: 43/43 MP: 6/12
  4155 | D:5      | Noticed Ijyb
  4173 | D:5      | Killed Ijyb
  4174 | D:5      | Reached skill level 4 in Spellcasting
  4265 | D:5      | Found a runed translucent door.
  4266 | D:5      | Noticed Crazy Yiuf
  4282 | D:5      | Killed Crazy Yiuf
  4294 | D:5      | Identified the +6 hammer of False Accusations {flame, rC-
                  | rN+++ Will+ Stlth-}
  4518 | D:6      | Noticed Maggie
  4798 | D:6      | Reached skill level 1 in Invocations
  4855 | D:6      | Killed Maggie
  4856 | D:6      | Reached skill level 5 in Spellcasting
  4856 | D:6      | Reached XP level 8. HP: 48/48 MP: 7/15
  5085 | D:6      | Reached skill level 5 in Fire Magic
  5331 | D:6      | Reached skill level 5 in Conjurations
  5515 | D:6      | Found Liatof's General Store.
  5529 | D:6      | Bought a potion of heal wounds for 60 gold pieces
  5529 | D:6      | Bought a scroll of identify for 24 gold pieces
  6041 | D:6      | Reached * piety under Sif Muna
  6178 | D:6      | Learned a level 3 spell: Stone Arrow
  6182 | D:6      | Learned a level 3 spell: Ozocubu's Armour
  6432 | D:7      | Reached skill level 6 in Spellcasting
  6607 | D:7      | Reached skill level 1 in Ice Magic
  6607 | D:7      | Reached XP level 9. HP: 54/54 MP: 11/18
  6650 | D:7      | HP: 2/54 [orc warrior/+0 mace (11)]
  6650 | D:7      | Killed from afar by an orc wizard

Illustrated notes

Levels and vault maps discovered:
D:1:      minmay_arrival_stair_chambers, layout_basic, serial_bayou_lagoon_a
D:2:      layout_loops_ring
D:3:      layout_rooms, ebering_ghost_sewer_d
D:4:      layout_cave_pods, minmay_temple_entry_junction
D:5:      layout_rooms, minivault_19, uniq_ijyb, uniq_crazy_yiuf_cottage
D:6:      layout_basic, serial_shops, nicolae_diamond_shop, uniq_maggie
D:7:      layout_gridville, makhleb_grotto_becter,
          gammafunk_temple_overflow_wave, minmay_misc_feat_iff,
          kennysheep_generic_room_15
Temple:   hellmonk_temple_two_chambers

Skill      XL: |  1  2  3  4  5  6  7  8 |
---------------+-------------------------+-----
Stealth        | 3 |  3.8
Conjurations   | 3 4 5 |  5.1
Spellcasting   | 3 5 6 |  6.1
Fire Magic     | 4 5 |  5.4
Short Blades   | 1 |  1.3
Fighting       | 1 2 |  2.1
Invocations    | 2 4 |  4.1
Dodging        | 3 |  3.0
Ice Magic      | 1 |  1.4
Maces & Flails | |  0.2
Staves         | |  0.2
Throwing       | |  0.1
Hexes          | |  0.8

Action                     |  1- 3 |  4- 6 |  7- 9 || total
---------------------------+-------+-------+-------++-------
  Melee: Unarmed           |     5 |       |       ||     5
         Constrict         |     6 |    10 |     7 ||    23
         Dagger            |    14 |    17 |       ||    31
         Tentacles         |     4 |     5 |    10 ||    19
         Short sword       |       |    18 |     4 ||    22
         Mace              |       |       |     2 ||     2
         Staff             |       |       |    27 ||    27
  Throw: Dart              |       |     1 |     1 ||     2
   Cast: Foxfire           |    47 |    76 |    87 ||   210
         Scorch            |     2 |     6 |    21 ||    29
         Inner Flame       |       |       |    10 ||    10
         Flame Wave        |       |       |     2 ||     2
    Use: Potion            |       |     1 |     4 ||     5
         Scroll            |       |       |     9 ||     9
   Stab: Sleeping          |     1 |     4 |       ||     5
 Armour: Skin              |     3 |     6 |       ||     9
  Dodge: Dodged            |    14 |    20 |    28 ||    62

Table legend: (Time is in decaauts)
 A = Elapsed time spent in this place.
 B = Non-inter-level travel time spent in this place.
 C = Inter-level travel time spent in this place.
 D = Time resting spent in this place.
 E = Time spent auto-exploring this place.
 F = Levels seen in this place.
 G = Mean time per level.
                   A        B        C        D        E       F      G
               +--------+--------+--------+--------+--------+-----+--------+
         Total |   6659 |   6501 |    158 |    323 |   4771 |   8 |  832.4 |
       Dungeon |   6633 |   6482 |    151 |    323 |   4771 |   7 |  947.6 |
        Temple |     26 |     19 |      7 |      0 |      0 |   1 |   26.0 |
               +--------+--------+--------+--------+--------+-----+--------+

Top non-repeatable levels by time:
     D:6: 1526 daAuts
     D:5: 1264 daAuts
     D:4: 1086 daAuts
     D:2: 946 daAuts
     D:1: 794 daAuts
     D:3: 770 daAuts
     D:7: 244 daAuts
  Temple: 26 daAuts
